 Dungeon Sprint DCSS version 0.26-a0-663-g36e8fdb655 (webtiles) character file.

Game seed: 8102147758884059835

4171 TerrariaFan the Eclecticist (level 10, -3/59 HPs)
             Began as a Deep Elf Ice Elementalist on Oct 11, 2020.
             Was a High Priest of Sif Muna.
             Slain by a redback (11 damage)
             ... in the Dungeon (Sprint VII: "The Pits").
             The game lasted 00:07:30 (2277 turns).

TerrariaFan the Eclecticist (DEIE)                  Turns: 2277, Time: 00:07:30

Health: -3/59      AC:  2    Str:  5    XL:     10   Next: 7%
Magic:  27/31      EV: 17    Int: 24    God:    Sif Muna [*****.]
Gold:   0          SH:  0    Dex: 15    Spells: 25/40 levels left

rFire    . . .     SeeInvis .   r - +0 lajatang
rCold    . . .     Faith    .   (shield currently unavailable)
rNeg     . . .     Spirit   .   a - +0 robe
rPois    .         Reflect  .   (no helmet)
rElec    .         Harm     .   (no cloak)
rCorr    .         Rampage  .   (no gloves)
MR       +....     NoTele   +   (no boots)
Stlth    +++.......             (no amulet)
HPRegen  0.19/turn              (no ring)
MPRegen  0.22/turn              (no ring)

@: frozen ramparts
A: blurry vision 1
a: Channel Magic, Forget Spell, Divine Exegesis, Renounce Religion


You were in the Dungeon.
You worshipped Sif Muna.
Sif Muna was extremely pleased with you.
You visited 1 branch

Inventory:

Hand Weapons
 b - a +2 quarterstaff
 m - a +2 quarterstaff of speed
 r - a +0 lajatang (weapon)
Armour
 a - a +0 robe (worn)
Jewellery
 n - a +3 ring of intelligence
 o - a +3 ring of protection
Scrolls
 h - a scroll of blinking
 j - 3 scrolls of remove curse
 k - 5 scrolls of amnesia
 l - a scroll of summoning
Potions
 c - 6 potions of curing
 d - 6 potions of heal wounds
 e - 3 potions of haste
 f - 4 potions of magic
 g - 3 potions of berserk rage
 i - 2 potions of invisibility
 p - 2 potions of stabbing
 q - a potion of resistance


   Skills:
 + Level 5.0 Fighting
 + Level 9.3 Staves
 + Level 7.9 Dodging
 + Level 4.8 Stealth
 * Level 15.6 Spellcasting
 * Level 6.4 Conjurations
 * Level 6.4 Transmutations
 * Level 14.2 Ice Magic
 + Level 0.3 Air Magic


You had 25 spell levels left.
You knew the following spells:

 Your Spells              Type           Power        Failure   Level
a - Freeze                Ice            ####         0%          1
b - Frozen Ramparts       Ice            ######       1%          3
c - Irradiate             Conj/Tmut      #####.....   6%          5
d - Freezing Cloud        Conj/Ice/Air   ######....   26%         6

Your spell library contained the following spells:

 Spells                   Type           Power        Failure   Level
 Beastly Appendage        Tmut           #####.       1%          1
 Magic Dart               Conj           ####         1%          1
 Searing Ray              Conj           #####.       1%          2
 Wereblood                Tmut           #####...     1%          2
 Ozocubu's Armour         Ice            ######..     1%          3
 Hailstorm                Conj/Ice       ######..     1%          4
 Ice Form                 Ice/Tmut       ######..     1%          4
 Summon Ice Beast         Ice/Summ       ######..     1%          4
 Conjure Flame            Conj/Fire      ####....     2%          3
 Spider Form              Tmut/Pois      ####......   2%          3
 Static Discharge         Conj/Air       #####...     2%          3
 Corona                   Hex            ###....      3%          1
 Slow                     Hex            ###.....     4%          2
 Blade Hands              Tmut           #####.....   6%          5
 Iskenderun's Battlesphe  Conj           #####...     6%          5
 Inner Flame              Hex/Fire       ###.....     9%          3
 Portal Projectile        Hex/Tloc       ###...       9%          3
 Cause Fear               Hex            ###.......   28%         4
 Leda's Liquefaction      Hex/Erth       ###.......   28%         4
 Eringya's Noxious Bog    Tmut/Pois      ####......   77%         6
 Spellforged Servitor     Conj/Summ      ####......   100%        7


Dungeon Overview and Level Annotations

Branches:
Dungeon (1/1)

Altars:
Ashenzari
Cheibriados
Dithmenos
Elyvilon
Fedhas
Gozag
Hepliaklqana
Kikubaaqudgha
Makhleb
Nemelex Xobeh
Okawaru
Qazlal
Ru
Sif Muna
Trog
Uskayaw
Vehumet
Wu Jian
Xom
Yredelemnul
Zin
The Shining One
Beogh
Jiyva
Lugonu


Innate Abilities, Weirdness & Mutations

Scrolls take you a little longer to read.


Message History

The wall freezes the merfolk.
Things that are here:
+0 swamp dragon scales; a swamp dragon skeleton The wight resists.
The wall freezes the wight.
The wall freezes the dream sheep.
The wight resists.
The wall freezes the wight.
The wight completely resists.
The wall freezes the wight but do no damage.
The redback bites you.
* * * LOW HITPOINT WARNING * * *
The wall freezes the dream sheep.
The wight resists.
The wall freezes the wight.
There is an open gate, spattered with blood here.
You see here a throwing net.
You feel much better. The redback closely misses you.
The wall freezes the dream sheep.
The merfolk hits you from afar with a +0 trident!
* * * LOW HITPOINT WARNING * * *
The redback bites you!
You die...

.#.#####'#####''######
##.##.......##''################
.#.##.......##..#.........Y...Y#
.÷.##.......##..##.....)[).Y.Y.m
#####...<...##..####.D.#+######.
)..##.......##..#..#####†##
)).##.......##..#....##...#
#####.......##..'.....#...#..
#.. ##########..@smzY.z.z†'.}
#)############..'..÷..#...#..
#.#....#..[[##..#....##...#
#)#....#..[[##..#..#####.##
#.†....'..))##..#### #+#
#÷#....#..).##..#
'.#....#..))##..#
#################


You could see a merfolk, a redback, a dream sheep and 2 wights.

Vanquished Creatures
  A swamp dragon (D)
  A merfolk siren (D)
  An ice devil (D)
  A jumping spider (D)
  5 blink frogs (D)
  3 dream sheep (D)
  A neqoxec (D)
  A steam dragon (D)
  2 vampire mosquitoes (D)
  2 floating eyes (D)
  An orc warrior (D)
  A necrophage (D)
  A wolf (D)
  A centaur (D)
  6 wights (D)
  An orc priest (D)
  A hell rat (D)
  A worker ant (D)
  An adder (D)
  An ufetubus (D)
  An ooze (D)
  A worm (D)
  2 leopard geckos (D)
  2 orcs (D)
  3 bat skeletons (D)
  A goblin (D)
  2 hobgoblins (D)
  5 jackals (D)
50 creatures vanquished.

Notes
Turn   | Place    | Note
-------+----------+-------------------------------------------
     0 | D        | TerrariaFan the Deep Elf Ice Elementalist began the quest
                  | for the Orb.
     0 | D        | Reached XP level 1. HP: 10/10 MP: 6/6
    15 | D        | Reached skill level 5 in Ice Magic
    59 | D        | Found a bloodstained altar of Trog.
    59 | D        | Found a shimmering blue altar of Sif Muna.
    59 | D        | Found a viscous altar of Jiyva.
    59 | D        | Found a hazy altar of Hepliaklqana.
    59 | D        | Found an opulent altar of Gozag.
    60 | D        | Found a glowing golden altar of the Shining One.
    60 | D        | Found a glowing silver altar of Zin.
    60 | D        | Found a basalt altar of Yredelemnul.
    60 | D        | Found a shimmering altar of Xom.
    60 | D        | Found an ornate altar of the Wu Jian Council.
    60 | D        | Found a sacrificial altar of Ru.
    60 | D        | Found a stormy altar of Qazlal.
    60 | D        | Found an iron altar of Okawaru.
    60 | D        | Found a sparkling altar of Nemelex Xobeh.
    60 | D        | Found a burning altar of Makhleb.
    60 | D        | Found a blossoming altar of Fedhas.
    60 | D        | Found a white marble altar of Elyvilon.
    60 | D        | Found a shadowy altar of Dithmenos.
    60 | D        | Found a snail-covered altar of Cheibriados.
    63 | D        | Found a corrupted altar of Lugonu.
    63 | D        | Found a radiant altar of Vehumet.
    63 | D        | Found a roughly hewn altar of Beogh.
    64 | D        | Found an ancient bone altar of Kikubaaqudgha.
    64 | D        | Found a hide-covered altar of Uskayaw.
    64 | D        | Found a broken altar of Ashenzari.
    69 | D        | Became a worshipper of Sif Muna the Loreminder
    79 | D        | Reached XP level 2. HP: 15/15 MP: 5/8
    80 | D        | Reached * piety under Sif Muna
   182 | D        | Noticed a floating eye
   185 | D        | Reached ** piety under Sif Muna
   185 | D        | Reached skill level 4 in Spellcasting
   185 | D        | Reached XP level 3. HP: 19/19 MP: 5/10
   190 | D        | Learned a level 3 spell: Frozen Ramparts
   192 | D        | Paralysed by a floating eye for 2 turns
   193 | D        | Killed a floating eye
   193 | D        | Reached skill level 1 in Staves
   193 | D        | Reached skill level 6 in Spellcasting
   193 | D        | Reached skill level 10 in Ice Magic
   193 | D        | Reached XP level 4. HP: 24/24 MP: 3/14
   193 | D        | Reached XP level 5. HP: 28/28 MP: 3/15
   282 | D        | Noticed a necrophage
   294 | D        | Killed a necrophage
   294 | D        | Reached *** piety under Sif Muna
   294 | D        | Reached skill level 7 in Spellcasting
   631 | D        | Reached skill level 8 in Spellcasting
   631 | D        | Reached XP level 6. HP: 25/31 MP: 14/19
   819 | D        | Reached **** piety under Sif Muna
   872 | D        | Reached skill level 1 in Fighting
   872 | D        | Reached skill level 5 in Dodging
   872 | D        | Reached skill level 9 in Spellcasting
   899 | D        | Reached skill level 10 in Spellcasting
   900 | D        | Reached ***** piety under Sif Muna
   900 | D        | Received a gift from Sif Muna
   900 | D        | Reached XP level 7. HP: 20/40 MP: 15/22
  1126 | D        | Paralysed by a floating eye for 4 turns
  1134 | D        | Reached skill level 5 in Staves
  1159 | D        | Noticed a neqoxec
  1160 | D        | Gained mutation: You tend to lose your temper in combat. [a
                  | neqoxec]
  1167 | D        | Killed a neqoxec
  1167 | D        | Reached skill level 11 in Spellcasting
  1458 | D        | Identified Sif Muna's Compendium of Confrontation (Sif Muna
                  | gifted it to you in the Dungeon)
  1458 | D        | Received a gift from Sif Muna
  1466 | D        | Learned a level 5 spell: Irradiate
  1577 | D        | Noticed a jumping spider
  1577 | D        | Noticed a blink frog
  1577 | D        | Noticed a blink frog
  1577 | D        | Noticed a blink frog
  1577 | D        | Noticed a blink frog
  1577 | D        | Noticed a blink frog
  1581 | D        | Killed a blink frog
  1581 | D        | Reached skill level 12 in Spellcasting
  1581 | D        | Reached skill level 1 in Conjurations
  1581 | D        | Reached skill level 1 in Transmutations
  1581 | D        | Reached XP level 8. HP: 38/46 MP: 22/26
  1582 | D        | Killed a blink frog
  1589 | D        | Killed a blink frog
  1592 | D        | Killed a blink frog
  1592 | D        | Reached skill level 13 in Spellcasting
  1606 | D        | Killed a jumping spider
  1613 | D        | Killed a blink frog
  1613 | D        | Received a gift from Sif Muna
  1613 | D        | Reached XP level 9. HP: 21/52 MP: 22/28
  1727 | D        | Lost mutation: You tend to lose your temper in combat.
                  | [potion of mutation]
  1727 | D        | Gained mutation: Scrolls take you a little longer to read.
                  | [potion of mutation]
  1727 | D        | Gained mutation: You are frail. (-10% HP) [potion of
                  | mutation]
  1727 | D        | Lost mutation: You are frail. (-10% HP) [potion of
                  | mutation]
  1862 | D        | Noticed a swamp dragon
  1869 | D        | Killed a swamp dragon
  1869 | D        | Reached skill level 14 in Spellcasting
  2065 | D        | Noticed a merfolk siren
  2066 | D        | Noticed an ice devil
  2071 | D        | Killed an ice devil
  2071 | D        | Reached skill level 5 in Conjurations
  2071 | D        | Reached skill level 5 in Transmutations
  2100 | D        | Killed a merfolk siren
  2100 | D        | Identified Sif Muna's Collected Works on Confrontation and
                  | Shape Shifting (Sif Muna gifted it to you in the Dungeon)
  2100 | D        | Received a gift from Sif Muna
  2100 | D        | Reached skill level 15 in Spellcasting
  2102 | D        | Noticed a merfolk
  2112 | D        | Learned a level 6 spell: Freezing Cloud
  2258 | D        | Reached XP level 10. HP: 48/58 MP: 26/31
  2263 | D        | Reached skill level 5 in Fighting
  2277 | D        | Slain by a redback

Illustrated notes

Levels and vault maps discovered:
D:        pitsprint [storerooms_1, entrance_room_1, metal_vault_1, armoury_3,
          mini_pit_1, grid_room_1, main_hall_1, silver_pit, the_coven_3,
          the_vestibule_1, steel_vault_4, golden_pit, hallway_of_sentries,
          crystal_vault_5, iron_vault_5, final_vault]

Skill      XL: |  1  2  3  4  5  6  7  8  9 10 |
---------------+-------------------------------+-----
Ice Magic      | 5 7 10 11 12 13 14 | 14.2
Dodging        | 3 4 5 6 7 |  7.9
Stealth        | 3 4 |  4.8
Spellcasting   | 4 6 8 10 12 13 15 | 15.6
Staves         | 1 2 4 6 8 9 |  9.3
Fighting       | 2 3 4 5 |  5.0
Conjurations   | 1 4 6 |  6.4
Transmutations | 1 4 6 |  6.4
Air Magic      | |  0.3

Action                   |  1- 3 |  4- 6 |  7- 9 | 10-12 || total
-------------------------+-------+-------+-------+-------++-------
Melee: Quarterstaff      |     1 |    38 |    23 |       ||    62
       Lajatang          |       |       |     5 |    11 ||    16
 Cast: Freeze            |    10 |       |       |       ||    10
       Frozen Ramparts   |     1 |     8 |     7 |     1 ||    17
       Irradiate         |       |       |     9 |       ||     9
       Freezing Cloud    |       |       |     1 |       ||     1
  Use: Potion            |       |     2 |     1 |     1 ||     4
Armor: Robe              |     3 |    10 |     3 |     1 ||    17
Dodge: Dodged            |     8 |    43 |    34 |    15 ||   100

Table legend: (Time is in decaauts)
 A = Elapsed time spent in this place.
 B = Non-inter-level travel time spent in this place.
 C = Inter-level travel time spent in this place.
 D = Time resting spent in this place.
 E = Time spent auto-exploring this place.
 F = Levels seen in this place.
 G = Mean time per level.
                   A        B        C        D        E       F      G
               +--------+--------+--------+--------+--------+-----+--------+
         Total |   2262 |   2174 |     88 |   1719 |      0 |   1 | 2262.0 |
       Dungeon |   2262 |   2174 |     88 |   1719 |      0 |   1 | 2262.0 |
               +--------+--------+--------+--------+--------+-----+--------+

Top non-repeatable levels by time:
       D: 2262 daAuts
